 Dungeon Crawl Stone Soup version 0.30.1-9-gdf580d7c3d (webtiles) character file.

Game seed: 6246031308756955114

2191 KittyFluff the Cleaver (level 9, -18/78 HPs)
             Began as a Minotaur Berserker on Oct 13, 2023.
             Was an Elder of Trog.
             Demolished by a white ugly thing (33 damage)
             ... on level 7 of the Dungeon.
             The game lasted 00:20:20 (5702 turns).

KittyFluff the Cleaver (Minotaur Berserker)         Turns: 5702, Time: 00:20:20

Health: -18/78     AC:  5    Str: 32    XL:     9   Next: 12%
Magic:  8/8        EV: 13    Int:  4    God:    Trog [****..]
Gold:   390        SH:  0    Dex: 10    Spells: 8/8 levels left

rFire   + . .        a - +0 hand axe
rCold   . . .        (no shield)
rNeg    . . .        d - +0 leather armour
rPois   .            (helmet restricted)
rElec   .            (no cloak)
rCorr   .            (no gloves)
SInv    .            q - +0 pair of boots
Will    .....        (no amulet)
Stlth   +            m - +6 ring of strength
HPRegen 0.33/turn    p - ring of protection from fire
MPRegen 0.11/turn

%: no passive effects
@: no status effects
A: horns 2, retaliatory headbutt
a: Renounce Religion, Berserk, Trog's Hand, Brothers in Arms


You were on level 7 of the Dungeon.
You worshipped Trog.
Trog was greatly pleased with you.
You visited 1 branch of the dungeon, and saw 7 of its levels.

You collected 390 gold pieces.

Inventory:

Hand Weapons
 a - a +0 hand axe (weapon)
 u - a +0 sling
 H - a +2 war axe of freezing
Missiles
 i - 30 poisoned darts (quivered)
 y - 4 boomerangs
 F - 2 silver boomerangs
Armour
 d - a +0 leather armour (worn)
 q - a +0 pair of boots (worn)
Jewellery
 m - a +6 ring of strength (left hand)
 p - a ring of protection from fire (right hand)
Wands
 v - a wand of roots (7)
 I - a wand of charming (9)
Scrolls
 b - a scroll of acquirement {unknown}
 c - 4 scrolls of teleportation {unknown}
 f - 5 scrolls of identify {unknown}
 g - 2 scrolls of poison {unknown}
 h - a scroll of blinking {unknown}
 j - 2 scrolls of amnesia {unknown}
 k - 2 scrolls of fog {unknown}
 l - a scroll of magic mapping {unknown}
 r - a scroll of enchant armour {unknown}
 s - 3 scrolls of enchant weapon {unknown}
 D - a scroll of brand weapon {unknown}
 E - a scroll of noise {unknown}
Potions
 e - 5 potions of heal wounds {unknown}
 n - 3 potions of might {unknown}
 o - a potion of invisibility {unknown}
 t - a potion of cancellation {unknown}
 w - 2 potions of haste {unknown}
 x - a potion of curing {unknown}
 z - a potion of lignification {unknown}
 A - a potion of brilliance {unknown}
 B - a potion of mutation {unknown}
 C - a potion of berserk rage {unknown}
 G - a potion of attraction {unknown}


   Skills:
 + Level 6.9 Fighting
 * Level 9.1 Axes
 * Level 8.7 Armour
 + Level 5.8 Dodging


You had 8 spell levels left.
You didn't know any spells.
Your spell library was empty.

Dungeon Overview and Level Annotations

Branches:
Dungeon (7/15)             Temple (0/1) D:7

Altars:
Elyvilon
Makhleb
Trog
Vehumet
Wu Jian
Zin

Shops:
D:4 :


Innate Abilities, Weirdness & Mutations

You have a pair of horns on your head.
You reflexively headbutt those who attack you in melee.


Message History

Found 19 gold pieces.
Found 16 gold pieces.
You now have 374 gold pieces (gained 19).
A bullfrog comes into view.
The bullfrog gives a loud, deep croak!
You closely miss the bullfrog. The bullfrog closely misses you.
You furiously retaliate!
You headbutt the bullfrog! You closely miss the bullfrog.
You headbutt the bullfrog.
The bullfrog is moderately wounded.
The bullfrog closely misses you. You furiously retaliate!
You headbutt the bullfrog! You closely miss the bullfrog.
The bullfrog is almost dead.
The bullfrog misses you. You furiously retaliate!
You headbutt the bullfrog!
You kill the bullfrog!
Trog accepts your kill.
You now have 390 gold pieces (gained 16).
Found 11 gold pieces.
Found a wand of charming (9).
You see here a bullfrog corpse.
I - a wand of charming (9)
You see here a bullfrog corpse.
You open the door.
A white ugly thing, a two-headed ogre and a manticore come into view.
The white ugly thing gurgles horribly!
The two-headed ogre shouts in stereo!
The two-headed ogre completely misses the plant.
The two-headed ogre hits the plant with a +0 giant spiked club!!
The plant begins to die.
The manticore moves out of view.
Found a wand of flame (14) and a leather armour.
The white ugly thing claws you! The white ugly thing freezes you!!
You hit the white ugly thing but do no damage.
A nearby plant withers and dies.
You barely miss the white ugly thing. The white ugly thing claws you.
The white ugly thing freezes you!
You barely miss the white ugly thing. You headbutt the white ugly thing!
The white ugly thing is lightly wounded.
The white ugly thing claws you!
* * * LOW HITPOINT WARNING * * *
The white ugly thing freezes you!!
You die...

#.....#......#
#.....#......#
#.....#......#
#.....#......#############
.....†...................#
##.#######.###.#.#######.#
# #.# ##..# H...#.# #..
#.#.#.###.#.#
#.#####@uO#/+ #.#
#....##.#.###.#.#
#..#....# ...P#.#
#.#.#.#.#######.# # #
#.#.†.......# #
##.##..#.##.# .
#.#.#.###.#.# . #. .###
...# . #. . . .#.#


You could see a white ugly thing, a two-headed ogre and a manticore.

Vanquished Creatures
  A wyvern (D:7)
  An ice beast (D:6)
  A black bear (D:6)
  5 ogres
  2 phantoms (D:5)
  2 kobold brigands
  2 bullfrogs
  3 scorpions
  2 howler monkeys
  A crimson imp (D:6)
  5 hounds
  A jelly (D:5)
  2 orc priests (D:6)
  Jessica (D:2)
  Ijyb (D:5)
  Terence (D:3)
  3 iguanas
  2 orc wizards (D:6)
  9 gnolls
  4 adders
  A shadow imp (D:5)
  A white imp (D:6)
  An ufetubus (D:4)
  3 worms
  2 dart slugs
  29 orcs
  3 bats
  6 endoplasms
  6 giant cockroaches
  9 goblins
  10 hobgoblins
  6 jackals
  10 kobolds
  3 quokkas
  4 ball pythons
  3 frilled lizards
  A rat (D:1)
147 creatures vanquished.

Notes
Turn   | Place    | Note
-------+----------+-------------------------------------------
     0 | D:1      | KittyFluff the Minotaur Berserker began the quest for the
                  | Orb.
     0 | D:1      | Reached XP level 1. HP: 19/19 MP: 0/0
   133 | D:1      | Reached XP level 2. HP: 26/27 MP: 1/1
   347 | D:1      | Reached skill level 4 in Axes
   992 | D:2      | Reached XP level 3. HP: 33/33 MP: 2/2
  1062 | D:2      | Reached ** piety under Trog
  1217 | D:2      | Noticed Jessica
  1223 | D:2      | Killed Jessica
  1224 | D:2      | Reached XP level 4. HP: 34/40 MP: 3/3
  1632 | D:3      | Found a glowing silver altar of Zin.
  1632 | D:3      | Noticed an angel
  1951 | D:3      | Noticed Terence
  1961 | D:3      | Killed Terence
  1962 | D:3      | Reached XP level 5. HP: 22/47 MP: 4/4
  2332 | D:4      | Found Uruack's Book Shop.
  2341 | D:4      | Reached skill level 5 in Axes
  2684 | D:4      | Reached *** piety under Trog
  3282 | D:4      | Noticed an ogre
  3296 | D:4      | Killed an ogre
  3297 | D:4      | Reached skill level 5 in Armour
  3297 | D:4      | Reached XP level 6. HP: 55/55 MP: 5/5
  3362 | D:5      | Entered Level 5 of the Dungeon
  3402 | D:5      | Reached skill level 5 in Fighting
  3402 | D:5      | Reached skill level 6 in Axes
  3546 | D:5      | Found a white marble altar of Elyvilon.
  3568 | D:5      | Reached XP level 7. HP: 47/61 MP: 6/6
  3707 | D:5      | Noticed Ijyb
  3727 | D:5      | Killed Ijyb
  3960 | D:5      | Reached skill level 7 in Axes
  4329 | D:6      | Reached XP level 8. HP: 70/70 MP: 7/7
  4399 | D:6      | Reached **** piety under Trog
  4503 | D:6      | Reached skill level 5 in Dodging
  4568 | D:6      | Reached skill level 8 in Axes
  4662 | D:6      | Found an ornate altar of the Wu Jian Council.
  5049 | D:6      | Found a burning altar of Makhleb.
  5049 | D:6      | Found a radiant altar of Vehumet.
  5275 | D:7      | Found a staircase to the Ecumenical Temple.
  5300 | D:7      | Found a bloodstained altar of Trog.
  5315 | D:7      | Reached XP level 9. HP: 57/78 MP: 1/8
  5629 | D:7      | Reached skill level 9 in Axes
  5696 | D:7      | Noticed a white ugly thing
  5696 | D:7      | Noticed a two-headed ogre
  5696 | D:7      | Noticed a manticore
  5702 | D:7      | Demolished by a white ugly thing

Illustrated notes

Levels and vault maps discovered:
D:1:      psy_arrival_whirlpool, layout_basic
D:2:      layout_basic, uniq_jessica
D:3:      layout_loops_ring, zin_angel, nicolae_overflow_two_pavilions,
          uniq_terence
D:4:      layout_gridville, serial_shops, nicolae_book_shop_shelving,
          minmay_puff
D:5:      layout_loops_cross, nicolae_elyvilon_temple_path,
          mrwooster_statue_mirror, chequers_jeans, uniq_ijyb
D:6:      layout_rooms, lemuel_tele_altar,
          grunt_temple_overflow_lords_of_destruction, hangedman_decor_opposing,
          lemuel_flamethrower_1
D:7:      layout_basic, trog_antimagical, minmay_temple_entry_arrows,
          minmay_shattered_shrine

Skill      XL: |  1  2  3  4  5  6  7  8  9 |
---------------+----------------------------+-----
Axes           | 4 5 6 7 8 9 |  9.1
Armour         | 3 4 5 6 8 |  8.7
Fighting       | 4 5 6 |  6.9
Dodging        | 3 4 5 |  5.8

Action                     |  1- 3 |  4- 6 |  7- 9 || total
---------------------------+-------+-------+-------++-------
  Melee: Hand axe          |    86 |   117 |   220 ||   423
         Headbutt          |     8 |    19 |    32 ||    59
         Punch             |       |       |     3 ||     3
 Armour: Leather armour    |    22 |    27 |    41 ||    90
  Dodge: Dodged            |    49 |    58 |   119 ||   226
